AoeStats
← LavMani

Black Forest

505798044Analyzed
4v4 RM · 21d ago on Sep 11, 2026· 57m 58s· 8 players
Game mode
Random Map
Map size
Large (8 player)
Population
200
Speed
Normal
Resources
Standard
Victory
Conquest
Starting age
Dark Age
Ending age
Imperial Age
RankedLock teamsTeams togetherTeam positionsShared explorationLock speedFull tech treeHidden civsTurbo modeCheats
Victory
Defeat
🇳🇿 Bengalis · New Zealand
1085
+15
🇨🇱 Wei · Chile
1069
+15
🇨🇱 Koreans · Chile
1045
+16
🇻🇳 Aztecs · Vietnam
1044
+16
🇺🇸 Persians · United States
1079
-17
🇲🇽 Saracens · Mexico
1064
-16
🇲🇽 Celts · Mexico
1038
-15
🇨🇱 Goths · Chile
1022
-14
Chenghiskhan911
0:42 Loom
11:44 Feudal Age
13:52 Double-Bit Axe
19:51 Castle Age
17:50 Stone Mining
18:17 Gold Mining
21:05 Fishing Lines
23:24 Gold Shaft Mining
25:00 Caravan
26:46 Husbandry
27:53 Forging
27:49 Scale Barding Armor
30:16 Imperial Age
29:08 Bloodlines
28:54 Fletching
29:56 Wheelbarrow
31:05 Iron Casting
30:33 Crossbowman
30:49 Cavalier
31:59 Chain Barding Armor
32:00 Thumb Ring
32:41 Hand Cart
33:32 Blast Furnace
32:56 Conscription
33:44 Savar
38:15 Bodkin Arrow
38:22 Padded Archer Armor
44:27 Leather Archer Armor
45:44 Ring Archer Armor
45:59 Ballistics
47:53 Chemistry
Elma Kanon
1:48 Loom
12:11 Feudal Age
16:27 Castle Age
14:51 Double-Bit Axe
15:01 Gold Mining
32:38 Horse Collar
35:37 Bow Saw
36:05 Ballistics
43:09 Imperial Age
42:18 Gold Shaft Mining
42:49 Wheelbarrow
44:03 Hand Cart
47:07 Heavy Scorpion
51:23 Chemistry
lml_IngEddie_lml
1:18 Loom
11:49 Feudal Age
12:27 Double-Bit Axe
16:20 Gold Mining
17:32 Town Watch
20:47 Castle Age
19:18 Stone Mining
19:12 Horse Collar
19:36 Fletching
21:05 Wheelbarrow
25:49 Scale Barding Armor
29:07 Forging
31:14 Chain Barding Armor
31:54 Hand Cart
32:15 Fervor
33:03 Heavy Plow
37:15 Husbandry
37:51 Bloodlines
38:50 Gold Shaft Mining
39:25 Bloodlines
41:47 Imperial Age
40:08 Bow Saw
41:14 Iron Casting
41:04 Murder Holes
41:20 Masonry
42:05 Heavy Camel Rider
43:12 Scale Mail Armor
43:47 Plate Barding Armor
43:48 Ballistics
45:11 Conscription
46:00 Town Patrol
48:37 Treadmill Crane
52:03 Blast Furnace
RafaelLoz
0:30 Loom
11:57 Feudal Age
14:08 Wheelbarrow
14:54 Fletching
15:54 Double-Bit Axe
21:43 Castle Age
20:05 Horse Collar
23:49 Bow Saw
29:43 Heavy Plow
34:25 Imperial Age
32:24 Pikeman
33:29 Hand Cart
33:25 Squires
32:49 Man-at-Arms
34:33 Halberdier
35:23 Perfusion
36:40 Two-Man Saw
37:06 Anarchy
38:11 Scale Mail Armor
38:25 Elite Huskarl
40:41 Crop Rotation
41:22 Conscription
42:28 Forging
42:34 Chain Mail Armor
44:14 Iron Casting
46:21 Blast Furnace
47:46 Bodkin Arrow
49:10 Bracer
55:17 Sappers
LCsLA Skoll
9:51 Feudal Age
15:12 Castle Age
19:28 Double-Bit Axe
22:41 Loom
23:30 Horse Collar
28:59 Imperial Age
27:23 Bow Saw
27:15 Heavy Plow
29:00 Scale Barding Armor
29:07 Forging
30:00 Wheelbarrow
29:36 Husbandry
30:02 Chain Barding Armor
29:57 Bloodlines
29:48 Heavy Hei Guang Cavalry
31:21 Iron Casting
30:44 Stone Mining
30:46 Gold Mining
31:59 Crop Rotation
32:33 Fletching
33:12 Bodkin Arrow
34:19 Blast Furnace
33:41 Caravan
35:25 Hand Cart
34:55 Town Watch
34:56 Loom
36:50 Gold Shaft Mining
36:50 Stone Shaft Mining
37:15 Conscription
37:39 Ming Guang Armor
38:05 Elite Tiger Cavalry
40:58 Chemistry
39:39 Treadmill Crane
41:59 Tuntian
45:08 Town Patrol
LavMani
0:38 Loom
12:52 Feudal Age
13:42 Double-Bit Axe
23:41 Castle Age
24:06 Wheelbarrow
23:50 Fletching
29:14 Hand Cart
29:52 Bodkin Arrow
33:29 Imperial Age
31:36 Ballistics
31:27 Fortified Wall
31:13 Murder Holes
31:05 Fishing Lines
32:06 Man-at-Arms
33:01 Forging
33:32 Eupseong
34:22 Iron Casting
33:48 Scale Mail Armor
33:12 Long Swordsman
33:55 Squires
33:41 Gambesons
33:42 Arson
34:07 Caravan
35:30 Chemistry
34:16 Arrowslits
34:28 Stone Mining
34:29 Two-Handed Swordsman
35:55 Conscription
35:23 Horse Collar
36:13 Chain Mail Armor
36:56 Bracer
37:28 Plate Mail Armor
37:05 Pikeman
37:51 Halberdier
38:40 Heavy Plow
40:06 Town Watch
46:02 Siege Engineers
47:07 Champion
48:36 Coinage
54:11 Banking
55:56 Bow Saw
55:50 Town Patrol
scrawnny12
11:08 Feudal Age
11:58 Double-Bit Axe
16:49 Castle Age
15:30 Horse Collar
18:08 Bow Saw
19:58 Heavy Plow
21:21 Fishing Lines
25:44 Gold Mining
25:47 Stone Mining
29:42 Imperial Age
27:55 Wheelbarrow
27:06 Loom
27:08 Town Watch
28:22 Ballistics
30:11 Onager
31:22 Fletching
33:12 Bodkin Arrow
34:20 Chemistry
33:45 Conscription
33:31 Paiks
32:54 Elite Elephant Archer
34:15 Gold Shaft Mining
34:59 Bracer
35:00 Padded Archer Armor
35:38 Caravan
36:49 Leather Archer Armor
37:26 Mahayana
42:08 Siege Engineers
43:14 Ring Archer Armor
49:30 Hand Cart
49:16 Town Patrol
49:53 Bloodlines
49:43 Husbandry
nguyenhoanglan060
0:44 Loom
14:46 Feudal Age
17:09 Double-Bit Axe
20:32 Castle Age
20:09 Fishing Lines
21:49 Gillnets
23:37 Town Watch
38:37 Horse Collar
41:01 Wheelbarrow
47:37 Hand Cart
47:29 Heavy Plow
50:52 Imperial Age
48:43 Bow Saw
48:40 Caravan
50:41 Treadmill Crane
51:26 Eagle Warrior
52:07 Squires
51:52 Gambesons
53:29 Crop Rotation
52:44 Elite Eagle Warrior
54:25 Garland Wars
54:06 Atlatl
54:27 Conscription
55:19 Forging
55:09 Scale Mail Armor
56:55 Iron Casting
Connection lost

Rejoining the realm…

Still unreachable

The connection could not be restored.

Session expired

The server has moved on; the page needs a fresh start.